 Dungeon Crawl Stone Soup version 0.27.1-3-gb3d3a73c9e (webtiles) character file.

Game seed: 9989177979794366262

847 Crownlay the Blocker (level 8, -1/58 HPs)
             Began as a Formicid Fighter on Oct 18, 2021.
             Succumbed to an orc priest's poison
             ... on level 6 of the Dungeon.
             The game lasted 00:05:48 (5626 turns).

Crownlay the Blocker (Formicid Fighter)             Turns: 5626, Time: 00:05:48

Health: -1/58      AC:  8    Str: 23    XL:     8   Next: 20%
Magic:  8/8        EV: 17    Int:  8    God:
Gold:   162        SH:  0    Dex: 10    Spells: 7/7 levels left

rFire    . . .     SeeInvis +   p - +0 hand axe (flame)
rCold    . . .     Faith    .   (no shield)
rNeg     . . .     Spirit   .   b - +0 scale mail
rPois    .         Reflect  .   (helmet unavailable)
rElec    .         Harm     .   o - +0 cloak
rCorr    .         Rampage  .   (no gloves)
Will     .....                  (no boots)
Stlth    ..........             (no amulet)
HPRegen  0.19/turn              n - +4 ring of evasion
MPRegen  0.11/turn              u - +4 ring of evasion

@: brilliant, lethally poisoned (-1 -> -7), attractive
A: permanent stasis, dig shafts and tunnels, antennae 3, four strong arms
a: Dig, Shaft Self


You were on level 6 of the Dungeon.
You visited 1 branch of the dungeon, and saw 6 of its levels.

You collected 162 gold pieces.

Inventory:

Hand Weapons
 p - a +0 hand axe of flaming (weapon)
Armour
 b - a +0 scale mail (worn)
 c - a +0 kite shield
 o - a +0 cloak (worn)
Jewellery
 n - a +4 ring of evasion (left hand)
 u - a +4 ring of evasion (right hand)
Wands
 w - a wand of iceblast (11)
Scrolls
 a - a scroll of identify
 e - 2 scrolls of noise
 g - 2 scrolls of fear
 j - a scroll of teleportation {unknown}
 k - 3 scrolls of summoning
 l - a scroll of immolation {unknown}
 m - a scroll of enchant armour {unknown}
 v - a scroll of magic mapping {unknown}
 x - a scroll of vulnerability {unknown}
Potions
 d - a potion of might
 i - 3 potions of resistance
 q - a potion of curing {unknown}
 r - a potion of heal wounds {unknown}
 s - 2 potions of haste
 z - a potion of invisibility {unknown}


   Skills:
 - Level 3.2 Fighting
 + Level 6.4 Axes
 - Level 3.2 Armour
 + Level 8.2 Shields


You had 7 spell levels left.
You didn't know any spells.
Your spell library contained the following spells:

 Spells                   Type           Power      Damage    Failure   Level
 Ensorcelled Hibernation  Hex/Ice        0%         N/A       85%         2
 Gell's Gravitas          Tloc           0%         N/A       97%         3
 Ozocubu's Armour         Ice            0%         N/A       97%         3
 Spider Form              Tmut/Pois      0%         N/A       97%         3
 Stone Arrow              Conj/Erth      0%         3d7       97%         3
 Teleport Other           Tloc           0%         N/A       97%         3
 Animate Armour           Summ/Erth      0%         N/A       100%        4
 Dispersal                Tloc           0%         N/A       100%        6
 Shadow Creatures         Summ           N/A        N/A       100%        6
 Ozocubu's Refrigeration  Ice            0%         4d5       100%        7
 Lehudib's Crystal Spear  Conj/Erth      0%         10d2      100%        8


Dungeon Overview and Level Annotations

Branches:
Dungeon (6/15)
 Temple: D:4-7

Altars:


Innate Abilities, Weirdness & Mutations

You cannot be hasted, slowed, berserked, paralysed or teleported.
You can dig through walls and to a lower floor.
You have a pair of large antennae on your head. (SInv)
Your four strong arms can wield two-handed weapons with a shield.


Message History

You are too injured to fight recklessly!
You slash the orc! You burn the orc.
You kill the orc!
You barely miss the orc.
The orc priest invokes the aid of Beogh against you.
Beogh smites you!
* * * LOW HITPOINT WARNING * * *
The orc misses you.
You barely miss the orc.
The orc priest looks braver for a moment.
You miss the orc wizard.
The orc priest invokes the aid of Beogh against you.
Pain shoots through your body!
* * * LOW HITPOINT WARNING * * *
You hit the orc wizard but do no damage.
You completely miss the orc wizard. You hit the orc. You burn the orc.
You hit the orc priest. You burn the orc priest.
The orc priest hits you with a +0 hand axe of venom.
* * * LOW HITPOINT WARNING * * *
You are lethally poisoned!
The orc wizard misses you.
It was a potion of brilliance.
You feel clever all of a sudden.
* * * LOW HITPOINT WARNING * * *
You feel very sick. The orc misses you. The orc priest misses you.
The orc wizard hits you with a +0 dagger.
* * * LOW HITPOINT WARNING * * *
Okay, then.
Search for what [? for help]?
Okay, then.
Unknown command.
It was a potion of attraction.
You feel attractive to monsters.
* * * LOW HITPOINT WARNING * * *
You feel sick. The orc closely misses you. The orc priest closely misses you.
The orc wizard misses you.
It was a potion of berserk rage.
Your stasis prevents you from going berserk.
You die...

. .. .. #.
#.[########
#...oo....#
#...#@###.#
#...o...#.#
#...##....####
#$....#.#<...#
##.#....####.#
#.##.### # .
... ##.#.# .
..


You could see an orc priest, an orc wizard and an orc.

Vanquished Creatures
  An ogre (D:5)
  A centaur (D:6)
  A phantom (D:4)
  Blork the orc (D:4)
  A bullfrog (D:5)
  A scorpion (D:5)
  An orc priest (D:4)
  A hound (D:5)
  Crazy Yiuf (D:2)
  A bullfrog skeleton (D:4)
  A centaur skeleton (D:5)
  2 orc wizards
  A howler monkey zombie (D:3)
  12 adders
  2 ufetubi
  2 worms (D:2)
  3 dart slugs
  11 orcs
  An endoplasm (D:4)
  2 giant cockroaches
  5 goblins
  9 hobgoblins
  8 jackals (D:1)
  5 kobolds
  3 quokkas
  6 ball pythons
  7 bats
  2 frilled lizards
  7 rats
99 creatures vanquished.

Notes
Turn   | Place    | Note
-------+----------+-------------------------------------------
     0 | D:1      | Crownlay the Formicid Fighter began the quest for the Orb.
     0 | D:1      | Reached XP level 1. HP: 18/18 MP: 1/1
   227 | D:1      | Reached XP level 2. HP: 21/24 MP: 2/2
   286 | D:1      | Reached skill level 4 in Shields
   544 | D:1      | Reached XP level 3. HP: 29/29 MP: 3/3
  1287 | D:2      | Reached XP level 4. HP: 32/35 MP: 4/4
  1937 | D:2      | Reached skill level 5 in Shields
  2371 | D:2      | Reached XP level 5. HP: 39/41 MP: 5/5
  2374 | D:2      | Found a runed translucent door.
  2375 | D:2      | Noticed Crazy Yiuf
  2382 | D:2      | Killed Crazy Yiuf
  3423 | D:4      | Reached XP level 6. HP: 47/47 MP: 6/6
  3565 | D:4      | Reached skill level 6 in Shields
  3990 | D:4      | Noticed Blork the orc
  4001 | D:4      | Killed Blork the orc
  4004 | D:4      | Reached skill level 5 in Axes
  4004 | D:4      | Reached XP level 7. HP: 16/52 MP: 7/7
  4263 | D:4      | Reached skill level 7 in Shields
  4576 | D:5      | Entered Level 5 of the Dungeon
  5321 | D:5      | Reached XP level 8. HP: 58/58 MP: 8/8
  5609 | D:6      | Reached skill level 8 in Shields
  5624 | D:6      | HP: 2/58 [orc wizard (3)]
  5626 | D:6      | Succumbed to an orc priest's poison

Illustrated notes

Levels and vault maps discovered:
D:1:      erik_arrival_triangle_small, layout_loops_ring,
          minmay_misc_feat_more_columns
D:2:      layout_basic, chequers_serial_rivers_micro_c, uniq_crazy_yiuf_cottage
D:3:      layout_loops_ring, kennysheep_generic_room_10
D:4:      layout_gridville, uniq_blork_the_orc
D:5:      layout_basic
D:6:      layout_basic

Skill      XL: |  1  2  3  4  5  6  7  8 |
---------------+-------------------------+-----
Shields        | 4 5 6 7 8 |  8.2
Axes           | 3 4 5 6 |  6.4
Fighting       | |  3.2
Armour         | |  3.2

Action                   |  1- 3 |  4- 6 |  7- 9 || total
-------------------------+-------+-------+-------++-------
Melee: War axe           |    80 |    71 |       ||   151
       Hand axe          |       |   105 |    87 ||   192
  Use: Scroll            |       |       |     5 ||     5
       Potion            |       |       |     3 ||     3
Armor: Scale mail        |    72 |    60 |    28 ||   160
Dodge: Dodged            |    65 |   122 |    82 ||   269
